Map: Ruins of Seras

Players

GhostRogue

  • Race: Zerg Zerg
  • League: Platinum

LindyHop - Winner!

  • Race: Zerg Zerg
  • League: Platinum

VOD

Have the link to the VOD?

Description

Time

  • Played on: Jan. 12, 2016, 8:18 p.m.
  • Length: 6:22
Show
View Real Time Build Order
Export as new Build Order

GhostRogue Zerg 

Build Orders: Pool First 

Get SALT Encoding   

  12  0:03  Drone  
  13  0:09  Drone  
  14  0:18  Drone, Extractor  
  14  0:34  Spawning Pool  
  13  0:37  Drone  
  13  0:42  Extractor  
  13  0:44  Drone  
  15  0:52  Overlord  
  15  1:11  Drone x3  
  18  1:21  Queen  
  20  1:31  Metabolic Boost  
  20  1:33  Drone  
  20  1:39  Overlord  
  21  1:48  Drone  
  22  1:57  Zergling x2, Queen  
  25  2:10  Zergling x2  
  26  2:17  Zergling x2  
  27  2:29  Zergling x2  
  29  2:30  Zergling x4  
  29  2:31  Overlord  
  30  2:51  Hatchery, Zergling x2  
  29  2:52  Zergling x2  
  31  3:03  Zergling x8  
  35  3:07  Extractor  
  34  3:16  Lair  
  34  3:33  Overlord  
  34  3:35  Zergling x2  
  34  3:36  Zergling x6  
  38  3:50  Overlord  
  38  4:01  Drone  
  38  4:27  Drone, Hydralisk Den  
  38  4:28  Drone x3  
  38  4:29  Drone x3  
  44  4:37  Hydralisk Den  
  43  4:44  Drone x2  
  45  4:55  Evolution Chamber  
  45  4:59  Evolution Chamber  
  44  5:11  Drone x3  
  47  5:15  Drone  
  47  5:16  Drone x2  
  50  5:24  Spine Crawler  
  48  5:37  Zergling x2  
  48  5:38  Zergling x12  
  37  5:47  Zergling x6  
  10  6:08  Drone  
Show
View Real Time Build Order
Export as new Build Order

LindyHop Zerg - Winner!

Build Orders: Hatch First 

Get SALT Encoding   

  12  0:01  Drone  
  13  0:12  Overlord  
  13  0:18  Drone  
  14  0:31  Drone x2  
  14  0:34  Drone  
  17  0:55  Hatchery  
  16  0:58  Drone  
  16  1:03  Drone  
  18  1:07  Extractor  
  18  1:08  Drone  
  18  1:22  Spawning Pool  
  17  1:25  Drone  
  17  1:30  Drone  
  19  1:40  Overlord  
  19  1:49  Drone  
  20  2:00  Drone  
  21  2:11  Metabolic Boost  
  21  2:19  Queen  
  21  2:22  Hatchery  
  22  2:29  Queen  
  24  2:38  Zergling x4  
  24  2:41  Zergling x2  
  27  2:57  Overlord  
  27  3:00  Overlord  
  27  3:07  Baneling Nest  
  27  3:08  Zergling x2  
  27  3:09  Zergling x2  
  29  3:20  Zergling x8  
  32  3:31  Zergling x6  
  35  3:34  Zergling x2  
  35  3:36  Zergling x2  
  35  3:39  Zergling x2  
  38  3:43  Zergling x2  
  38  3:47  Zergling x2  
  40  3:51  Baneling  
  40  3:52  Baneling x3  
  40  4:03  Queen  
  42  4:12  Zergling x6  
  45  4:32  Evolution Chamber  
  44  4:45  Zergling x4  
  46  4:52  Hatchery  
  44  5:08  Baneling  
  44  5:09  Baneling x5  
  44  5:10  Zergling x8  
  44  5:13  Baneling  
  48  5:14  Baneling  
  48  5:15  Baneling  
  48  5:18  Baneling  
  47  5:41  Zergling x8  
  47  5:42  Zergling x4  
  47  5:46  Zergling x2  
  47  5:48  Zergling x2  
  47  6:00  Drone x3  
Tags
 
Add a new tag
Caveats
  • Supply blocks, unpowered buildings, or Contaminate may cause inaccurate times.
  • Supply counts are checked every 10 seconds.